 Dungeon Crawl Stone Soup version 0.29-a0-334-gb41bcbb86e (webtiles) character file.

Game seed: 6623666302154949085

189 brightshaft the Slasher (level 5, -7/38 HPs)
             Began as a Merfolk Gladiator on Apr 15, 2022.
             Killed by divine providence
             ... invoked by an orc priest
              (13 damage)
             ... on level 3 of the Dungeon.
             The game lasted 00:02:39 (2650 turns).

brightshaft the Slasher (Merfolk Gladiator)         Turns: 2650, Time: 00:02:40

Health: -7/38      AC:  6    Str: 14    XL:     5   Next: 68%
Magic:  5/5        EV: 12    Int:  8    God:
Gold:   152        SH:  0    Dex: 17    Spells: 4/4 levels left

rFire   . . .      SeeInvis .   a - +0 long sword
rCold   . . .      Faith    .   (no shield)
rNeg    . . .      Spirit   .   m - +0 ring mail
rPois   .          Reflect  .   c - +0 helmet
rElec   .          Harm     .   (no cloak)
rCorr   .          Rampage  .   (no gloves)
Will    .....                   (no boots)
Stlth   +.........              (no amulet)
HPRegen 0.12/turn               (no ring)
MPRegen 0.09/turn               (no ring)

@: no status effects
A: (nimble swimmer 2), mertail
a: no special abilities


You were on level 3 of the Dungeon.
You visited 1 branch of the dungeon, and saw 3 of its levels.

You collected 152 gold pieces.

Inventory:

Hand Weapons
 a - a +0 long sword (weapon)
Missiles
 d - 3 throwing nets (quivered)
 e - a javelin
Armour
 b - a +0 leather armour
 c - a +0 helmet (worn)
 m - a +0 ring mail (worn)
Scrolls
 f - a scroll of identify {unknown}
 i - a scroll of summoning {unknown}
 l - a scroll of teleportation {unknown}
 n - a scroll of magic mapping {unknown}
 o - a scroll of enchant weapon {unknown}
Potions
 g - 2 potions of heal wounds {unknown}
 h - 3 potions of curing {unknown}
 j - a potion of berserk rage {unknown}
 k - a potion of lignification {unknown}
 p - a potion of might {unknown}
 q - a potion of mutation {unknown}


   Skills:
 - Level 2.1 Fighting
 * Level 7.4 Long Blades
 - Level 2.0 Throwing
 - Level 4.0 Dodging


You had 4 spell levels left.
You didn't know any spells.
Your spell library contained the following spells:

 Spells                   Type           Power      Damage    Failure   Level
 Corpse Rot               Necr/Air       0%         N/A       80%         2
 Poisonous Vapours        Pois/Air       0%         N/A       80%         2
 Scorch                   Fire           0%         2d5       80%         2
 Flame Wave               Conj/Fire      0%         2d4       100%        4
 Summon Cactus Giant      Summ           0%         N/A       100%        6


Dungeon Overview and Level Annotations

Branches:
Dungeon (3/15)

Altars:


Innate Abilities, Weirdness & Mutations

((You are very nimble when in or above water. (Stealth+, EV+, Speed+++)))
Your lower body shifts to a powerful aquatic tail in water.


Message History

You hit something. Something hits you.
* * * LOW HITPOINT WARNING * * *
You hit something. Something barely misses you.
You hit something.
You hear some strange, mumbled words.
You are confused.
You're too confused to move!
You hear some strange, mumbled words.
A puff of flame appears from out of thin air!
The puff of flame misses you.
You bump into the rock wall.
You hear some strange, mumbled words.
Something tries to affect you, but you resist.
You're too confused to move!
Something hits you but does no damage.
You bump into the rock wall.
You hear some strange, mumbled words.
Something tries to affect you, but you resist.
You bump into the rock wall.
Something hits you.
* * * LOW HITPOINT WARNING * * *
You barely miss something.
You feel less confused. Something hits you but does no damage.
You miss something.
You hear some strange, mumbled words.
A magic dart appears from out of thin air!
The magic dart hits you.
* * * LOW HITPOINT WARNING * * *
You hit something.
Reactivating autopickup.
You feel a bit more experienced.
You closely miss the orc. The orc hits you but does no damage.
You slash the orc!
You kill the orc!
Items here: ))) [.
Okay, then.
An orc priest comes into view. It is wielding a +1 mace of draining.
The orc priest shouts!
The orc priest invokes the aid of Beogh against you.
Beogh smites you!
You die...

#......
##############.##
#......##........
#.####.##.###....
#<####.##.###....
#.##........#..## #
#.##.#.##.#<#..##
....####)##.#.##.......)
..o....@......##......##
################.#.##.#
#.#....# #.###..# #.#
#..# #..# #..#


You could see an orc priest.

Vanquished Creatures
  A necrophage (D:2)
  An orc wizard (D:3)
  3 gnolls (D:3)
  2 adders (D:3)
  A worm (D:3)
  3 dart slugs
  2 orcs (D:3)
  6 endoplasms
  A giant cockroach (D:1)
  7 goblins
  A hobgoblin (D:1)
  5 quokkas
  A ball python (D:1)
  3 bats
  2 frilled lizards (D:1)
  7 kobolds
  4 rats
50 creatures vanquished.

Notes
Turn   | Place    | Note
-------+----------+-------------------------------------------
     0 | D:1      | brightshaft the Merfolk Gladiator began the quest for the
                  | Orb.
     0 | D:1      | Reached XP level 1. HP: 16/16 MP: 1/1
   227 | D:1      | Reached skill level 4 in Long Blades
   245 | D:1      | Found a faded altar of an unknown god.
   251 | D:1      | Reached XP level 2. HP: 21/22 MP: 2/2
  1092 | D:1      | Reached XP level 3. HP: 11/25 MP: 3/3
  1094 | D:1      | Reached skill level 5 in Long Blades
  1440 | D:2      | Noticed a necrophage
  1454 | D:2      | Killed a necrophage
  1455 | D:2      | Reached skill level 6 in Long Blades
  1455 | D:2      | Reached XP level 4. HP: 18/33 MP: 4/4
  2299 | D:3      | Reached XP level 5. HP: 33/38 MP: 5/5
  2477 | D:3      | Reached skill level 7 in Long Blades
  2650 | D:3      | Killed from afar by an orc priest

Illustrated notes

Levels and vault maps discovered:
D:1:      noname_arrival_rooms_in_the_neighbourhood, layout_basic,
          shapermc_ecumenical_altar_pompeii, minivault_4
D:2:      layout_basic, serial_glass, glass_columns_a, glass_columns_b,
          glass_columns_a, glass_columns_a
D:3:      layout_loops_cross

Skill      XL: |  1  2  3  4  5 |
---------------+----------------+-----
Long Blades    | 4 6 7 |  7.4
Fighting       | |  2.1
Throwing       | |  2.0
Dodging        | |  4.0

Action                   |  1- 3 |  4- 6 || total
-------------------------+-------+-------++-------
Melee: Long sword        |    70 |    79 ||   149
Armor: Leather armour    |    18 |    11 ||    29
       Ring mail         |       |    18 ||    18
Dodge: Dodged            |    44 |    44 ||    88

Table legend: (Time is in decaauts)
 A = Elapsed time spent in this place.
 B = Non-inter-level travel time spent in this place.
 C = Inter-level travel time spent in this place.
 D = Time resting spent in this place.
 E = Time spent auto-exploring this place.
 F = Levels seen in this place.
 G = Mean time per level.
                   A        B        C        D        E       F      G
               +--------+--------+--------+--------+--------+-----+--------+
         Total |   2665 |   2637 |     28 |      0 |   2230 |   3 |  888.3 |
       Dungeon |   2665 |   2637 |     28 |      0 |   2230 |   3 |  888.3 |
               +--------+--------+--------+--------+--------+-----+--------+

Top non-repeatable levels by time:
     D:1: 1428 daAuts
     D:2: 867 daAuts
     D:3: 370 daAuts
